 Dungeon Crawl Stone Soup version 0.31.0-9-g3a7656b989 (webtiles) character file.

Game seed: 1393937858826237615

21 qw the Shooter (level 2, 0/14 HPs)
             Began as a Spriggan Hunter on Feb 2, 2024.
             Succumbed to their own poison gas
             ... on level 1 of the Dungeon.
             The game lasted 00:00:02 (971 turns).

qw the Shooter (Spriggan Hunter)                     Turns: 971, Time: 00:00:02

Health: 0/14       AC:  2    Str:  7    XL:     2   Next: 65%
Magic:  3/3        EV: 19    Int: 10    God:
Gold:   57         SH:  0    Dex: 18    Spells: 1/1 levels left

rFire   . . .        a - +0 shortbow
rCold   . . .        (shield currently unavailable)
rNeg    . . .        c - +0 robe
rPois   .            (helmet restricted)
rElec   .            (no cloak)
rCorr   .            (gloves unavailable)
SInv    +            (boots unavailable)
Will    .....        (no amulet)
Stlth   ++           (no ring)
HPRegen 0.22/turn    (no ring)
MPRegen 0.08/turn

%: no passive effects
@: lethally poisoned (0 -> -6), very quick
A: very small, no large weapons, unfitting armour, see invisible, speed 3
a: no special abilities


You were on level 1 of the Dungeon.
You visited 1 branch of the dungeon, and saw 1 of its levels.

You collected 57 gold pieces.


Innate Abilities, Weirdness & Mutations

You are very small and have problems with some larger weapons.
You are too small for most types of armour.
You have supernaturally acute eyesight. (SInv)
You cover ground extremely quickly. (Speed+++)


   Skills:
 - Level 1.5 Fighting
 + Level 4.2 Ranged Weapons
 - Level 4.0 Dodging
 - Level 1.5 Stealth


You had one spell level left.
You didn't know any spells.
Your spell library was empty.

Inventory:

Hand Weapons
 a - a +0 shortbow (weapon)
Armour
 c - a +0 robe (worn)
Potions
 e - a potion of attraction {unknown}
 g - a potion of berserk rage {unknown}

Dungeon Overview and Level Annotations

Branches:
Dungeon (1/15)

Altars:

Shops:
D:1 !


Message History

As you read the scroll labelled UNLIXZ POOJIMA, it crumbles to dust.
It was a scroll of poison.
Done exploring.
964 ||| READING scroll labelled LENNAT PABBYTH.
As you read the scroll labelled LENNAT PABBYTH, it crumbles to dust.
The air around you briefly surges with heat, but it dissipates.
It was a scroll of immolation.
Done exploring.
965 ||| DROPPING scroll of butterflies.
You drop a scroll of butterflies.
Done exploring.
966 ||| DROPPING scroll of vulnerability.
You drop a scroll of vulnerability.
Done exploring.
What level of the Dungeon? (default 1, ? - help) Sorry, I don't know how to get there.
Enter note:
Enter note:
Enter note:
Enter note:
Enter note:
Enter note:
Enter note:
Enter note:
Enter note:
Enter note:
Enter note:
Enter note: You are engulfed in poison gas.
You are poisoned.
You feel sick.
968 ||| Stepping ~*~*~tactically~*~*~ (cloud).
You feel sick.
Things that are here:
a scroll of vulnerability; a scroll of butterflies
There is a lethal amount of poison in your body!
You feel sick.
There is a lethal amount of poison in your body!
You feel sick.
There is a lethal amount of poison in your body!
You die...

#..#...#...#...#.#.####.####.##
#....#...#...#..##.# ### #####
#.###..#...#..####¤# ####.#.#
#.# #.#..#..### ##¤## #.##.#.#
#.# #.......# ##¤¤¤## #.##....
#.# ###.###.# ##¤¤00¤###.#....#
#.# ##..##.###¤0¤¤¤00##.#...##
#.####......##¤¤0¤00¤¤.#......#
#....)..¤¤0000@¤000¤¤¤.'.......
######..¤0####¤¤0¤00¤¤.###....#
#.#.######¤¤¤¤¤¤¤## #.#.##
#.### #...¤¤0¤00#####.#### #.#
#.###¤0¤0##......... #.#
#.###¤#+###.###.###.
#.#####.#.#¤#.##..........
#...........#.##.###.####.
#######..........# #.####.


There were no monsters in sight!

Vanquished Creatures
  2 bats (D:1)
  2 endoplasms (D:1)
  A giant cockroach (D:1)
  3 goblins (D:1)
  4 hobgoblins (D:1)
  3 quokkas (D:1)
  A frilled lizard (D:1)
  2 rats (D:1)
18 creatures vanquished.

Notes
Turn   | Place    | Note
-------+----------+-------------------------------------------
     0 | D:1      | qw the Spriggan Hunter began the quest for the Orb.
     0 | D:1      | Reached XP level 1. HP: 10/10 MP: 2/2
     0 | D:1      | 0 ||| qw: Version: 0.3-a-155-g5e7d8dd
     0 | D:1      | 0 ||| qw: Game counter: 2164
     0 | D:1      | 0 ||| qw: Melee chars always use a shield: true
     0 | D:1      | 0 ||| qw: God list: Okawaru
     0 | D:1      | 0 ||| qw: Allow faded altars: false
     0 | D:1      | 0 ||| qw: Do Orc after clearing Dungeon:15 true
     0 | D:1      | 0 ||| qw: Do second Lair branch before Depths: true
     0 | D:1      | 0 ||| qw: Lair rune preference: random
     0 | D:1      | 0 ||| qw: Goals: Normal
     0 | D:1      | 0 ||| PLANNING D:1-11
   111 | D:1      | Reached skill level 3 in Dodging
   241 | D:1      | Reached XP level 2. HP: 14/14 MP: 3/3
   319 | D:1      | Found a faded altar of an unknown god.
   351 | D:1      | Found Ibbamicu's Distillery.
   360 | D:1      | 360 ||| SHOPLISTING potion of curing (42 gold, have 31).
   360 | D:1      | 360 ||| SHOPLISTING potion of heal wounds (70 gold, have
                  | 31).
   360 | D:1      | 360 ||| SHOPLISTING potion of mutation (112 gold, have 31).
   360 | D:1      | 360 ||| SHOPLISTING potion of resistance (140 gold, have
                  | 31).
   862 | D:1      | 862 ||| READING 2 scrolls labelled ORUVULE QEVYHE.
   963 | D:1      | 963 ||| READING scroll labelled UNLIXZ POOJIMA.
   964 | D:1      | 964 ||| READING scroll labelled LENNAT PABBYTH.
   965 | D:1      | 965 ||| DROPPING scroll of butterflies.
   966 | D:1      | 966 ||| DROPPING scroll of vulnerability.
   968 | D:1      | 968 ||| Stepping ~*~*~tactically~*~*~ (cloud).
   969 | D:1      | HP: 3/14 [poisoned by you (poison gas)]
   971 | D:1      | Succumbed to their own poison gas

Levels and vault maps discovered:
D:1:      dpeg_arrival_rhombi, layout_loops_corners, serial_shops, shop,
          dreamdust_ecumenical_altar_angels_and_demons, hex_medium

Skill      XL: |  1  2 |
---------------+-------+-----
Dodging        | 3 4 |  4.0
Fighting       | |  1.5
Ranged Weapons | |  4.2
Stealth        | |  1.5

Action                     || total
---------------------------++-------
   Fire: Shortbow          ||    46
    Use: Scroll            ||     3
 Armour: Robe              ||     4
  Dodge: Dodged            ||    12

Table legend:
 A = Non-vault XP
 B = Vault XP
 C = Vault XP percentage of total XP
 D = Non-vault monster count
 E = Vault monster count
 F = Vault count percentage of total count
                 A         B        C        D         E       F
            +---------+---------+-------+---------+---------+-------
      Total |      31 |       0 |   0.0 |      18 |       0 |   0.0
            +---------+---------+-------+---------+---------+-------
        D:1 |      31 |       0 |   0.0 |      18 |       0 |   0.0
            +---------+---------+-------+---------+---------+-------
